woodfighter, lawful female dwarven Priestess ------------ #......+....-### #|.....<....| ## | #|..........+## # ...+ #|..........|## ------------- ## -....| #|..........|# |`..%...%.)`. e# #|..........|### |...%.`.....| # . #------------ # |..%-----...| ## ## ### |...|.{.|...| Q # # |..`|{@{|`..| ###@## # ### |...|.{ |...| # # # # |...-.---...|### # ###|.....`......# -------# #-`.........`| |......# ------------- |.*...| |.....| ------- woodfighter the Adept Experience level: 8 Strength: 14 Dexterity: 11 Constitution: 17 Intelligence: 17 Wisdom: 10 Charisma: 9 Health: 0(75) Energy: 68(68) Def: 7 Gold: 4735 Moves: 4824 Dungeon seed: VV-IQrHrUd6S6d6s Game ID: woodfighter_1545335530 Your Inventory: Coins $ - 4735 gold pieces Amulets O - an amulet of ESP (being worn) Weapons a - a blessed +1 orcish spear (in quiver) T - a blessed +9 spear named Due Process (weapon in hand) Armor e - a +0 robe (being worn) n - a +0 small shield (being worn) r - a +0 pair of leather gloves (being worn) N - a +0 mummy wrapping P - a +0 pair of low boots (being worn) W - a +1 orcish helm (being worn) Comestibles c - a clove of garlic d - a sprig of wolfsbane l - 3 food rations q - 3 eucalyptus leaves u - a cream pie v - a magic bean Q - a tripe ration Scrolls g - a scroll of charging k - a scroll of teleportation p - a scroll of blank paper t - a cursed scroll of identify w - 2 scrolls of scare monster B - a blessed scroll of identify C - a cursed scroll of identify D - a scroll of scare monster E - a scroll of identify M - a scroll of enchant weapon S - a scroll of light Potions b - 4 potions of holy water h - a potion of water i - a potion of levitation j - a potion of gain level m - a potion of see invisible s - 2 potions of hallucination x - a potion of paralysis A - a cursed potion of see invisible G - a blessed potion of hallucination L - a potion of object detection X - a potion of invisibility Rings V - a cursed ring of aggravate monster Wands f - a wand of cancellation (0:0) o - a wand of slow monster (0:5) F - a wand of digging (0:5) H - a wand of make invisible (0:4) R - a wand of enlightenment (0:14) Tools y - a skeleton key J - a stethoscope Gems z - an amethyst I - a fluorite K - 2 worthless pieces of black glass U - an opal Y - 3 worthless pieces of red glass Z - a worthless piece of blue glass Spells and supernatural/magical abilities: Name Level Category Fail Memory l - light 1 divination 0% 76% n - detect monsters 1 divination 0% 76% p - protection 1 clerical 0% 76% W - pray for help -- divine ? -- X - turn undead -- divine ? -- Your skills at the end: Miscellaneous Skills shield [Basic] wands [Basic] Weapon Skills pick-axe [Basic] mace [Basic] spear [Skilled] Spellcasting Skills clerical spells [Basic] Final Attributes: You were fervently aligned. You were poison resistant. Your writing hand was ok. You were telepathic. You had infravision. You are dead. Vanquished creatures: a chameleon a horse an ice vortex a forest centaur an orc mummy 4 piranhas 2 dogs a housecat 3 Woodland-elves a rope golem a bugbear an imp a wood nymph 2 rock piercers 2 fog clouds 2 violet fungi a black naga hatchling a gray ooze a ghoul a paper golem 4 giant ants a puppy 2 floating eyes a kitten a kobold lord 3 iguanas 14 hill orcs 2 rothes a centipede 2 jitterbugs a werejackal 6 killer bees 7 coyotes 5 geckos 2 hobgoblins 10 giant rats a yellow mold 3 garter snakes a gnome zombie 12 jackals 4 kobolds 9 newts 2 goblins 6 sewer rats 10 grid bugs 2 bats 6 lichens 147 creatures vanquished. Voluntary challenges: You did not cause conflict. You were not invisible. You did not have reflection. You were not displaced. You were an atheist. You used a wielded weapon 201 times, starting on turn 215. You did not apply a unicorn horn. You did not use plumbed fixtures. You did not drink any magical draughts. You were illiterate. You never genocided any monsters. You never polymorphed an object. You never changed form. You used no wishes. You never split a pudding. You never wrote Elbereth's name. You never violated your personal moral code. Dungeon overview: The Dungeons of Doom: levels 1 to 9 Level 1 some fountains a long staircase Level 2 a general store, a fountain Level 3 a general store, an altar to Athena, a fountain Level 4 (vaul) some fountains stairs to The Gnomish Mines Level 5 (eye) a general store Level 6 Level 7 (water) some fountains Level 8 a fountain Level 9 (stash) <- You were here many fountains The Gnomish Mines: Level 5 stairs to The Dungeons of Doom History has recorded: On T:1 you entered the Dungeons of Doom to retrieve the Amulet of Yendor! On T:224 you reached level 2 of The Dungeons of Doom. On T:743 you advanced to experience level 2. On T:745 you reached level 3 of The Dungeons of Doom. On T:1244 you reached level 4 of The Dungeons of Doom. On T:1291 you advanced to experience level 3. On T:1714 you advanced to experience level 4. On T:1994 you reached level 1 of The Gnomish Mines. On T:2023 you reached level 5 of The Dungeons of Doom. On T:2637 you reached level 6 of The Dungeons of Doom. On T:2824 you reached level 7 of The Dungeons of Doom. On T:3002 you advanced to experience level 5. On T:3242 you advanced to experience level 6. On T:3757 you advanced to experience level 7. On T:3775 you reached level 8 of The Dungeons of Doom. On T:3887 you reached level 9 of The Dungeons of Doom. On T:4763 you advanced to experience level 8. Score breakdown: Gold: 4735 ( 473 points) Experience: 8 levels ( 700 points) Exploration: 9 levels ( 240 points) Discoveries: 33 items ( 1650 points) Variety of kills: 47 monsters ( 2000 points) Major goal: (nothing yet) ( 0 points) Survival: died (score multiplied by 3) Total score: 15189 Latest messages: The centipede bites! You kill the centipede! The Woodland-elf picks up a leather hat. The Woodland-elf throws a runed dagger! The runed dagger misses the Woodland-elf. You are hit by a runed dagger. You jab the Woodland-elf! The Woodland-elf punches you! (2x) You jab the Woodland-elf! The Woodland-elf punches you! You kill the Woodland-elf! You jab the Woodland-elf! The Woodland-elf wields a runed short sword! The runed short sword grows roots right in to the Woodland-elf's hand! The Woodland-elf throws a runed dagger! The runed dagger misses the Woodland-elf. You are almost hit by a runed dagger. The Woodland-elf thrusts her runed short sword at you. The Woodland-elf stabs you! You jab the Woodland-elf! The Woodland-elf thrusts her runed short sword at you. The Woodland-elf stabs you! You kill the Woodland-elf! You jab the Woodland-elf! The Woodland-elf swings her runed broadsword named Puddingbane at you. The Woodland-elf slashes you! You die... Final status: Goodbye woodfighter the Priestess, killed by a Woodland-elf... You died in The Dungeons of Doom on dungeon level 9 with 15189 points, and 4735 pieces of gold, after 4824 moves. You were level 8 with a maximum of 75 hit points when you died.